 Dungeon Crawl Stone Soup version 0.14-a0-181-gf6fe0c6 (webtiles) character file.

117 PolkaDot the Sneak (level 3, -3/22 HPs)
             Began as a Vampire Wizard on Oct 6, 2013.
             Slain by an orc
             ... wielding a -1,+0 orcish hand axe
              (5 damage)
             ... on Level 3 of the Dungeon.
             The game lasted 00:06:43 (2369 turns).

PolkaDot the Sneak (Vampire Wizard)                 Turns: 2369, Time: 00:06:44

HP  -3/22        AC  3     Str  6      XL: 3   Next: 76%
MP   1/10        EV 12     Int 21      God:
Gold 59          SH  0     Dex 12      Spells:  3 memorised,  1 level left

Res.Fire  : . . .   See Invis. : +   g - -1,+4 orc hand axe (venom)
Res.Cold  : . . .   Warding    : .   a - +0 robe
Life Prot.: + . .   Conserve   : .   (no shield)
Res.Poison: .       Res.Corr.  : .   b - +0 wizard hat
Res.Elec. : .       Clarity    : .   (no cloak)
Sust.Abil.: . .     Spirit.Shd : .   j - +0 pair of elf gauntlets
Res.Mut.  : .       Stasis     : .   (no boots)
Res.Rott. : .       Flight     : .   (no amulet)
Saprovore : . . .                    (no ring)
                                     (no ring)

@: slightly resistant to hostile enchantments, stealthy
A: fangs 3, see invisible, unbreathing
a: Bat Form


You were on level 3 of the Dungeon.
You were not thirsty.

You visited 1 branch of the dungeon, and saw 3 of its levels.

You collected 39 gold pieces.

Inventory:

Hand weapons
 g - a -1,+4 orcish hand axe of venom (weapon)
Armour
 a - a +0 robe (worn)
 b - a +0 wizard hat (worn)
 j - a +0 pair of elven gauntlets (worn)
Scrolls
 e - 3 scrolls of remove curse {unknown}
 f - 2 scrolls of identify {unknown}
 h - a scroll of curse armour {unknown}
 k - a scroll of enchant armour {unknown}
 l - a scroll of enchant weapon II {unknown}
 n - a scroll of teleportation {unknown}
Potions
 d - 5 potions of curing
Books
 c - a book of Minor Magic

   Spells                             Type                      Level
   *Magic Dart                        Conjuration                  1
   Blink                              Translocation                2
   Call Imp                           Summoning                    2
   Repel Missiles                     Charms/Air                   2
   Slow                               Hexes                        2
   *Conjure Flame                     Conjuration/Fire             3
   *Mephitic Cloud                    Conjuration/Poison/Air       3


   Skills:
 - Level 2.1 Dodging
 - Level 3.0 Stealth
 - Level 3.0 Spellcasting
 * Level 2.7 Conjurations
   Level 1.0 Summonings
   Level 0.7 Translocations


You had one spell level left.
You knew the following spells:

 Your Spells              Type           Power        Failure   Level  Hunger
a - Magic Dart            Conj           ##..         4%          1    None
d - Mephitic Cloud        Conj/Pois/Air  #.......     30%         3    ###....
s - Conjure Flame         Conj/Fire      #.......     24%         3    ###....


Dungeon Overview and Level Annotations

Branches:
Dungeon (3/27)

Altars:

Annotations:
D:3 Sigmund


Innate Abilities, Weirdness & Mutations

You have razor-sharp teeth.*
You have supernaturally acute eyesight.
You can survive without breathing.*


Message History

Sigmund hits you from afar with a scythe.
* * * LOW HITPOINT WARNING * * *
Drink which item? (? for menu, Esc to quit)
You feel better.
It was a potion of curing.
The orc barely misses you. The giant newt barely misses you.
You closely miss the orc. You miss the giant newt.
Sigmund casts a spell.
Sigmund's eyes start glowing with a red light.
Sigmund misses you.
The orc hits you with an orcish hand axe!
* * * LOW HITPOINT WARNING * * *
The giant newt bites you.
* * * LOW HITPOINT WARNING * * *
Sigmund points at you and mumbles some strange words.
The puff of flame hits the giant newt.
The giant newt dies!
The orc hits you with an orcish hand axe.
* * * LOW HITPOINT WARNING * * *
The orc hits you with an orcish hand axe.
You die...

###### ### .. ..... .... ...
#...# ... ### ..... #...#
#...# .$.... #...# #.>.#
......####...#######...#####
............................
.........@...................
.......$..oo@................
.............................
###...####...###..###...####
#... #...# #..# #...# #..
#...# #..# #...# #..
#...###..###...#### #.
#.................. .
...................
....................


You could see Sigmund (invisible) and 2 orcs.

Vanquished Creatures
  2 adders
  A worm (D:2)
  A giant gecko (D:1)
  An ooze (D:2)
  An orc (D:3)
  A ball python (D:1)
  2 bats (D:1)
  7 goblins
  3 hobgoblins
  A quokka (D:2)
  5 giant cockroaches
  2 kobolds
  4 rats
31 creatures vanquished.

Vanquished Creatures (others)
  A giant newt (D:3)
1 creature vanquished.

Grand Total: 32 creatures vanquished

Notes
Turn   | Place    | Note
--------------------------------------------------------------
     0 | D:1      | PolkaDot, the Vampire Wizard, began the quest for the Orb.
     0 | D:1      | Reached XP level 1. HP: 11/11 MP: 6/6
   193 | D:1      | Reached skill level 1 in Conjurations
   567 | D:1      | Reached XP level 2. HP: 17/17 MP: 6/8
  1288 | D:2      | Reached XP level 3. HP: 18/22 MP: 5/10
  2279 | D:3      | Noticed Sigmund
  2285 | D:3      | Learned a level 3 spell: Conjure Flame
  2289 | D:3      | Learned a level 3 spell: Mephitic Cloud
  2289 | D:3      | Paralysed by a potion of paralysis for 6 turns
  2369 | D:3      | Slain by an orc

Action                   || total
-------------------------++-------
Melee: Hand axe          ||     4
       Unarmed           ||     2
 Cast: Magic Dart        ||   104
  Use: Potion            ||     7
